 Dungeon Crawl Stone Soup version 0.27-a0-1202-ge72e49191c (webtiles) character file.

Game seed: 13731205673062704086

8 polve the Poker (level 2, -2/24 HPs)
             Began as a Demonspawn Berserker on June 2, 2021.
             Was a Follower of Trog.
             Slain by an adder (3 damage)
             ... on level 2 of the Dungeon.
             The game lasted 00:00:28 (820 turns).

polve the Poker (Demonspawn Berserker)               Turns: 820, Time: 00:00:29

Health: -2/24      AC:  5    Str: 17    XL:     2   Next: 0%
Magic:  2/2        EV: 11    Int:  8    God:    Trog [*.....]
Gold:   46         SH:  0    Dex: 12    Spells: 1/1 levels left

rFire    . . .     SeeInvis .   a - +0 spear
rCold    . . .     Faith    .   (no shield)
rNeg     . . .     Spirit   .   f - +0 ring mail
rPois    .         Reflect  .   (no helmet)
rElec    .         Harm     .   (no cloak)
rCorr    .         Rampage  .   (no gloves)
Will     .....                  (no boots)
Stlth    +.........             (no amulet)
HPRegen  0.08/turn              (no ring)
MPRegen  0.08/turn              (no ring)

@: no status effects
A: claws 1
a: Renounce Religion, Berserk


You were on level 2 of the Dungeon.
You worshipped Trog.
Trog was aware of your devotion.
You visited 1 branch of the dungeon, and saw 2 of its levels.

You collected 46 gold pieces.

Inventory:

Hand Weapons
 a - a +0 spear (weapon)
Armour
 b - a +0 animal skin
 f - a +0 ring mail (worn)
Scrolls
 e - a scroll of identify {unknown}
Potions
 c - a potion of flight {unknown}
 d - a potion of mutation {unknown}
 g - a potion of might {unknown}


   Skills:
 - Level 3.0 Fighting
 + Level 3.2 Polearms
 - Level 1.7 Armour
 - Level 1.7 Dodging


You had one spell level left.
You didn't know any spells.
Your spell library was empty.

Dungeon Overview and Level Annotations

Branches:
Dungeon (2/15)

Altars:

Shops:
D:1 *


Innate Abilities, Weirdness & Mutations

You have sharp fingernails.


Message History

You feel sick. The adder closely misses you.
You feel sick. The adder barely misses you. x2
You feel sick. The adder bites you but does no damage.
You feel sick. The adder barely misses you.
You feel sick. The adder bites you but does no damage.
The adder closely misses you.
You feel sick. The adder bites you but does no damage.
You feel sick.
You are no longer poisoned.
The adder bites you but does no damage. The adder bites you but does no damage.
The adder closely misses you. The adder bites you but does no damage.
The adder barely misses you. The adder bites you.
The adder bites you but does no damage. The adder closely misses you.
The adder barely misses you. The adder barely misses you.
The adder closely misses you. The adder bites you but does no damage.
The adder completely misses you. The adder misses you.
The adder barely misses you. The adder bites you but does no damage.
The adder bites you.
You are poisoned.
The adder poisons you!
You feel sick. The adder barely misses you.
You feel sick. The adder bites you.
* * * LOW HITPOINT WARNING * * *
You feel sick. The adder closely misses you. The adder barely misses you.
You feel sick. The adder bites you but does no damage.
You feel sick.
You are no longer poisoned.
The adder bites you but does no damage. The adder closely misses you. x2
The adder bites you.
* * * LOW HITPOINT WARNING * * *
The adder bites you.
* * * LOW HITPOINT WARNING * * *
The adder closely misses you. The adder bites you but does no damage.
The adder bites you.
You die...

#########
........###.#
........S.>.#
#.@# #..#
#.)# #..#
#.## #..#
#..# #..#
#..# #..#
#..# #..#
#..## #..#


You could see an adder.

Vanquished Creatures
  A goblin (D:1)
  A hobgoblin (D:1)
  2 ball pythons
  A bat (D:1)
  3 kobolds
  A rat (D:1)
9 creatures vanquished.

Notes
Turn   | Place    | Note
-------+----------+-------------------------------------------
     0 | D:1      | polve the Demonspawn Berserker began the quest for the Orb.
     0 | D:1      | Reached XP level 1. HP: 18/18 MP: 1/1
   133 | D:1      | Found Juhetinuck's Assorted Antiques.
   338 | D:1      | Found a faded altar of an unknown god.
   724 | D:2      | Gained mutation: You have sharp fingernails. [demonic
                  | ancestry]
   724 | D:2      | Reached XP level 2. HP: 23/24 MP: 2/2
   818 | D:2      | HP: 1/24 [adder (1)]
   820 | D:2      | Slain by an adder

Illustrated notes

Levels and vault maps discovered:
D:1:      saegor_arrival_simple_c, layout_loops_ring, serial_shops, shop,
          basic_ecumenical_altar, solitary_fountain
D:2:      layout_basic

Skill      XL: |  1 |
---------------+----+-----
Polearms       | 3 |  3.2
Fighting       | |  3.0
Armour         | |  1.7
Dodging        | |  1.7

Action                   || total
-------------------------++-------
Melee: Spear             ||    20
 Stab: Sleeping          ||     1
Armor: Ring mail         ||    18
Dodge: Dodged            ||    31

Table legend: (Time is in decaauts)
 A = Elapsed time spent in this place.
 B = Non-inter-level travel time spent in this place.
 C = Inter-level travel time spent in this place.
 D = Time resting spent in this place.
 E = Time spent auto-exploring this place.
 F = Levels seen in this place.
 G = Mean time per level.
                   A        B        C        D        E       F      G
               +--------+--------+--------+--------+--------+-----+--------+
         Total |    818 |    766 |     52 |      0 |    685 |   2 |  409.0 |
       Dungeon |    818 |    766 |     52 |      0 |    685 |   2 |  409.0 |
               +--------+--------+--------+--------+--------+-----+--------+

Top non-repeatable levels by time:
     D:1: 681 daAuts
     D:2: 137 daAuts
